 Dungeon Crawl Stone Soup version 0.19-a0-19-gf75ed07 (webtiles) character file.

6635 Karasique the Arsonist (level 10, -4/65 HPs)
             Began as a Red Draconian Wizard on Apr 30, 2016.
             Was an Elder of Vehumet.
             Shot with an arrow by a centaur (14 damage)
             ... on level 9 of the Dungeon.
             The game lasted 00:38:35 (8579 turns).

Karasique the Arsonist (Red Draconian Wizard)       Turns: 8579, Time: 00:38:36

Health: -4/65      AC: 11    Str:  8    XL:     10   Next: 72%
Magic:  18/35      EV: 12    Int: 21    God:    Vehumet [****..]
Gold:   362        SH:  0    Dex: 10    Spells: 8 memorised, 1 level left

rFire  + . .     SeeInvis .     s - staff of power
rCold  . . .     Gourm    .     (armour unavailable)
rNeg   . . .     Faith    .     (no shield)
rPois  .         Spirit   .     t - +2 hat
rElec  .         Dismiss  .     (no cloak)
rCorr  .         Reflect  .     (no gloves)
SustAt .         Harm     .     e - +1 pair of boots
MR     .....     Clarity  +     (no amulet)
Stlth  +++.......               J - ring of stealth
                                w - -4 ring of strength (curse)

@: starving, not resistant to hostile enchantments, fairly stealthy
A: breathe fire, unfitting armour, berserk 1, blink, blurry vision 2, clarity,
fire resistance 1, frail 1, low mp 1, strong 1, wild magic 1, cold-blooded,
MP-powered wands, AC +7
a: Breathe Fire, Blink, Renounce Religion


You were on level 9 of the Dungeon.
You worshipped Vehumet.
Vehumet was greatly pleased with you.
You were starving.

You visited 1 branch of the dungeon, and saw 11 of its levels.

You collected 506 gold pieces.
You spent 144 gold pieces at shops.

Inventory:

Hand Weapons
 r - a +2 trident of protection
Armour
 e - a +1 pair of boots (worn)
 t - a +2 hat (worn)
Magical Staves
 s - an uncursed staff of power (weapon)
Jewellery
 w - a cursed -4 ring of strength (left hand)
 J - a ring of stealth (right hand)
Wands
 z - a wand of heal wounds (6/9)
Scrolls
 i - a scroll of recharging
 n - 2 scrolls of immolation
 o - a scroll of torment {unknown}
 p - 4 scrolls of teleportation
 u - a scroll of remove curse {unknown}
 y - a scroll of enchant weapon
 C - a scroll of fog
Potions
 d - 3 potions of lignification
 g - a potion of invisibility
 j - 2 potions of flight
 k - 3 potions of heal wounds
 m - a potion of cure mutation
 v - a potion of might
 x - 3 potions of berserk rage
 A - a potion of cancellation
 I - 3 potions of curing
Books
 b - a book of Minor Magic

   Spells                             Type                      Level
   a - Magic Dart                     Conjuration                  1
   b - Blink                          Translocation                2
   c - Call Imp                       Summoning                    2
   d - Repel Missiles                 Charms/Air                   2
   e - Slow                           Hexes                        2
   f - Conjure Flame                  Conjuration/Fire             3
   g - Mephitic Cloud                 Conjuration/Poison/Air       3
 l - a book of Fire

   Spells                             Type                      Level
   a - Ignite Poison                  Fire/Transmutation/Poison    3
   b - Fireball                       Conjuration/Fire             5
   c - Bolt of Fire                   Conjuration/Fire             6
   d - Delayed Fireball               Conjuration/Fire             7
   e - Ring of Flames                 Charms/Fire                  7
 E - a book of Beasts

   Spells                             Type                      Level
   a - Summon Butterflies             Summoning                    1
   b - Call Canine Familiar           Summoning                    3
   c - Summon Ice Beast               Ice/Summoning                4
   d - Summon Mana Viper              Hexes/Summoning              5
   e - Summon Hydra                   Summoning                    7
Comestibles
 c - 7 bread rations
 f - 12 beef jerkies
 h - 4 meat rations
 q - a chunk of flesh
 D - a royal jelly
 G - 9 fruits


   Skills:
 + Level 1.9 Fighting
 + Level 2.6 Dodging
 - Level 1.7 Stealth
 * Level 8.4 Spellcasting
 * Level 8.6 Conjurations
 - Level 2.0 Summonings
 - Level 2.0 Translocations
 * Level 11.1 Fire Magic
 - Level 4.0 Poison Magic


You had one spell level left.
You knew the following spells:

 Your Spells              Type           Power        Failure   Level  Hunger
a - Sting                 Conj/Pois      ####         1%          1    None
b - Call Imp              Summ           ###.....     10%         2    None
c - Mephitic Cloud        Conj/Pois/Air  ####....     2%          3    None
d - Bolt of Fire          Conj/Fire      ######....   8%          6    ######.
e - Fireball              Conj/Fire      ######....   1%          5    #####..
f - Repel Missiles        Chrm/Air       ##....       17%         2    None
g - Conjure Flame         Conj/Fire      ######..     1%          3    None
h - Blink                 Tloc           N/A          10%         2    None


Dungeon Overview and Level Annotations

Branches:
Dungeon (11/15)            Temple (0/1) D:6
   Lair: D:8-11         Orc: D:9-12

Altars:
Elyvilon
Fedhas
Gozag
Nemelex Xobeh
Trog
Vehumet
Xom

Shops:
D:6 [   D:8 *


Innate Abilities, Weirdness & Mutations

You can breathe blasts of fire.
Your fiery red scales are hard (AC +7).
Your body does not fit into most forms of armour.
Your flesh is heat resistant.
You are cold-blooded and may be slowed by cold attacks.
You tend to lose your temper in combat.
You can translocate small distances at will.
Scrolls take you longer to read.
You possess an exceptional clarity of mind.
You are frail (-10% HP).
Your magical capacity is low (-10% MP).
Your muscles are strong. (Str +2)
Your spells are a little harder to cast, but a little more powerful.
You expend magic power (3 MP) to strengthen your wands.


Message History

The arrow barely misses you.
You see here 2 arrows.
The centaur shoots an arrow.
The arrow hits you.
You see here an arrow.
The centaur shoots an arrow.
The arrow misses you.
You are starving!
The centaur unwields an uncursed shortbow.
The centaur misses you.
The centaur shoots an arrow.
The arrow hits you! The centaur closely misses you.
You see here an arrow.
The centaur hits you but does no damage.
The centaur shoots an arrow.
The arrow hits you.
You see here an arrow.
The centaur wields an uncursed shortbow.
The centaur shoots an arrow.
The arrow completely misses you.
The centaur shoots an arrow.
The arrow closely misses you.
The centaur shoots an arrow.
The arrow barely misses you.
You see here an arrow.
The centaur shoots an arrow.
The arrow hits you!
You die...

..#.......# #.... ..#.......#
#........ #....
..####'#########........ #(...
###.......#....#........ #....
#.....(.#....#............#....
#.......#....#............#....
#..((...#....#<...........#....
#..[(######'##............#....
###.[.()c......#@..(........#....
..(.....(......#(...........#....
.........(...).#z........)..#....
........(.(....#.c..........#....
...........(...#........<...#....
####........(..#......#.....####'
...#..........(c......#......#...
...#..................#......#...
...#..................#......#...


You could see a skeletal warrior and 2 centaurs.

Vanquished Creatures
  A centaur warrior (D:9)
  2 skeletal warriors (D:9)
  A manticore (D:9)
  A two-headed ogre (D:11)
  A wyvern (D:8)
  A hippogriff (D:9)
  2 phantoms
  An ice beast (D:6)
  2 sky beasts
  4 orc warriors
  3 ogres
  8 centaurs
  A big kobold (D:9)
  A scorpion (D:7)
  12 wights
  A howler monkey (D:5)
  A giant frog zombie (D:5)
  A crimson imp (D:5)
  2 hounds
  A jelly (D:7)
  3 giant frog skeletons
  3 orc priests
  4 orc wizards
  6 worker ants
  An iguana (D:7)
  A killer bee zombie (D:7)
  2 worker ant zombies
  13 adders
  5 gnolls
  2 shadow imps
  4 adder skeletons
  A worm (D:2)
  4 giant geckos
  26 orcs
  2 giant cockroaches
  5 hobgoblins
  2 quokkas (D:2)
  2 ball pythons
  3 bats
  5 giant newts
  6 goblins
  12 kobolds
  A quokka zombie (D:8)
  5 rats
165 creatures vanquished.

Vanquished Creatures (collateral kills)
  A hill giant (D:6)
  Menkaure (D:5)
  A water moccasin (D:7)
  An ice beast (D:5)
  A centaur (D:7)
  A scorpion (D:6)
  A wight (D:8)
  3 crimson imps
  A quasit (D:9)
  A wasp zombie (D:6)
  An orc priest (D:6)
  An iguana (D:7)
  2 worker ants
  Terence (D:3)
  2 gnolls (D:6)
  A howler monkey skeleton (D:6)
  An adder (D:6)
  3 worms (D:2)
  3 orcs
  2 hobgoblins
  A giant gecko zombie (D:8)
30 creatures vanquished.

Vanquished Creatures (others)
  An ogre (D:7)
1 creature vanquished.

Grand Total: 196 creatures vanquished

Notes
Turn   | Place    | Note
--------------------------------------------------------------
     0 | D:1      | Karasique the Draconian Wizard began the quest for the Orb.
     0 | D:1      | Reached XP level 1. HP: 14/14 MP: 4/4
   223 | D:1      | Reached XP level 2. HP: 14/20 MP: 1/6
   646 | D:2      | Found a radiant altar of Vehumet.
   654 | D:2      | Became a worshipper of Vehumet
   686 | D:2      | Learned a level 2 spell: Call Imp
   704 | D:2      | Learned a level 2 spell: Blink
   911 | D:2      | Reached XP level 3. HP: 20/26 MP: 1/8
  1497 | D:3      | Noticed Terence
  1507 | D:3      | Killed Terence
  1511 | D:3      | Reached XP level 4. HP: 33/33 MP: 3/9
  1589 | D:3      | Reached * piety under Vehumet
  1589 | D:3      | Offered knowledge of Sting by Vehumet.
  1647 | D:2      | Learned a level 1 spell: Sting
  1651 | D:2      | Learned a level 3 spell: Mephitic Cloud
  1877 | D:3      | Reached XP level 5. HP: 33/38 MP: 8/11
  2158 | D:3      | Found a faded altar to an unknown god.
  2214 | D:4      | Gained mutation: You expend magic power (3 MP) to strengthen your wands. [potion of mutation]
  2214 | D:4      | Gained mutation: Your magical capacity is low (-10% MP). [potion of mutation]
  2214 | D:4      | Gained mutation: You can translocate small distances at will. [potion of mutation]
  2255 | D:4      | Learned a level 2 spell: Repel Missiles
  2264 | D:4      | Reached skill level 1 in Poison Magic
  2817 | D:4      | Noticed a sky beast
  2822 | D:5      | Entered Level 5 of the Dungeon
  2965 | D:5      | Reached XP level 6. HP: 40/45 MP: 4/10
  3117 | D:5      | Found a bloodstained altar of Trog.
  3299 | D:5      | Found an opulent altar of Gozag.
  3336 | D:5      | Noticed a sky beast
  3431 | D:5      | Noticed an ice beast
  3537 | D:5      | Noticed an ice beast
  3554 | D:5      | Killed an ice beast
  3635 | D:5      | Noticed Menkaure
  3657 | D:5      | Killed Menkaure
  3657 | D:5      | Your scales start taking on a fiery red colour.
  3657 | D:5      | Reached XP level 7. HP: 50/50 MP: 11/11
  3657 | D:5      | Gained mutation: Your flesh is heat resistant. [Red Draconian growth]
  3663 | D:5      | Learned a level 3 spell: Conjure Flame
  3767 | D:5      | Reached skill level 5 in Conjurations
  3767 | D:5      | Reached skill level 1 in Fire Magic
  3777 | D:5      | Reached skill level 2 in Fire Magic
  3781 | D:5      | Gained mutation: Scrolls take you a little longer to read. [mutagenic meat]
  3782 | D:5      | Gained mutation: You are frail (-10% HP). [mutagenic meat]
  3783 | D:5      | Gained mutation: You are very frail (-20% HP). [mutagenic meat]
  3784 | D:5      | Lost mutation: You are very frail (-20% HP). [mutagenic meat]
  3808 | D:6      | Offered knowledge of Flame Tongue by Vehumet.
  3814 | D:6      | Reached ** piety under Vehumet
  3910 | D:6      | Noticed a hill giant
  4121 | D:6      | Killed a hill giant
  4121 | D:6      | Reached skill level 4 in Fire Magic
  4121 | D:6      | Reached XP level 8. HP: 51/51 MP: 5/12
  4211 | D:6      | Reached skill level 5 in Fire Magic
  4313 | D:6      | Found a staircase to the Ecumenical Temple.
  4492 | D:6      | Reached skill level 6 in Fire Magic
  4697 | D:6      | Found a blossoming altar of Fedhas.
  4784 | D:6      | Found Foejurao's Antique Armour Emporium.
  4787 | D:6      | Bought a glowing hat for 108 gold pieces
  5198 | D:7      | Gained mutation: You tend to lose your temper in combat. [potion of mutation]
  5198 | D:7      | Gained mutation: Your spells are a little harder to cast, but a little more powerful. [potion of mutation]
  5278 | D:7      | Offered knowledge of Inner Flame by Vehumet.
  5284 | D:7      | Reached skill level 7 in Fire Magic
  5286 | D:7      | Reached XP level 9. HP: 44/55 MP: 14/14
  5307 | D:7      | Found a shimmering altar of Xom.
  5604 | D:7      | Found a sparkling altar of Nemelex Xobeh.
  5783 | D:8      | Reached skill level 5 in Spellcasting
  5789 | D:8      | Reached *** piety under Vehumet
  5943 | D:8      | Gained mutation: Scrolls take you longer to read. [mutagenic meat]
  5946 | D:8      | Gained mutation: You possess an exceptional clarity of mind. [mutagenic meat]
  5947 | D:8      | Gained mutation: Your muscles are strong. (Str +2) [mutagenic meat]
  6204 | D:8      | Learned a level 5 spell: Fireball
  6264 | D:8      | Reached skill level 8 in Fire Magic
  6766 | D:8      | Found Hoono's General Store.
  6774 | D:8      | Bought a potion of curing for 36 gold pieces
  6815 | D:8      | Offered knowledge of Olgreb's Toxic Radiance by Vehumet.
  6914 | D:8      | Reached skill level 9 in Fire Magic
  7270 | D:9      | Noticed a manticore
  7271 | D:9      | Killed a manticore
  7291 | D:9      | Reached XP level 10. HP: 32/62 MP: 1/18
  7557 | D:9      | Noticed a centaur warrior
  7569 | D:9      | Killed a centaur warrior
  7569 | D:9      | Reached skill level 10 in Fire Magic
  7818 | D:9      | Noticed a skeletal warrior
  7970 | D:9      | You fall through a shaft for 2 floors!
  7971 | D:11     | Reached **** piety under Vehumet
  8025 | D:11     | Learned a level 6 spell: Bolt of Fire
  8047 | D:10     | Entered Level 10 of the Dungeon
  8164 | D:9      | Offered knowledge of Bolt of Draining by Vehumet.
  8508 | D:9      | Found a white marble altar of Elyvilon.
  8516 | D:9      | Noticed a skeletal warrior
  8516 | D:9      | Noticed a skeletal warrior
  8525 | D:9      | Killed a skeletal warrior
  8525 | D:9      | Reached skill level 1 in Fighting
  8525 | D:9      | Reached skill level 11 in Fire Magic
  8526 | D:9      | Killed a skeletal warrior
  8579 | D:9      | Shot with an arrow by a centaur

Vault maps used:
D:1:      evilmike_arrival_crescent, corexii_leaking_fountain, minmay_distorted
D:2:      nicolae_overflow_hidden_temple, vehumet_crystals
D:3:      ecumenical_altar_1, first_bread, uniq_terence
D:5:      kennysheep_mini, trog_three_pillars_becter, uniq_menkaure
D:6:      fedhas_altar_fruit_tree, minmay_temple_entry_statues, serial_shops,
          kennysheep_mini_moat
D:7:      nemelex_deck, lemuel_crystal_altar, serial_corexii_hall,
          corexii_hall_statues_l, corexii_hall_statues_t, grunt_ogre_cave
D:8:      serial_shops, shop
D:9:      kennysheep_little_box, hangedman_minor_gate_pass
D:10:     lair_0_dummy, orc_0_dummy, lemuel_old_faithful
D:11:     johnstein_pakellas_death_squad

Skill      XL: |  1  2  3  4  5  6  7  8  9 10 |
---------------+-------------------------------+-----
Conjurations   | 2 3 4 6 7 8 |  8.6
Summonings     | 2 |  2.0
Spellcasting   | 4 7 8 |  8.4
Poison Magic   | 2 4 |  4.0
Translocations | 2 |  2.0
Fire Magic     | 4 7 9 11 | 11.1
Dodging        | 2 |  2.6
Fighting       | 1 |  1.9
Stealth        | |  1.7

Action                   |  1- 3 |  4- 6 |  7- 9 | 10-12 || total
-------------------------+-------+-------+-------+-------++-------
Melee: Dagger            |    46 |    14 |       |       ||    60
       Tailslap          |     7 |     4 |     7 |       ||    18
       Trident           |       |    82 |    93 |     4 ||   179
       Staff             |       |     4 |    31 |    16 ||    51
 Cast: Magic Dart        |    93 |    14 |     5 |       ||   112
       Call Imp          |     7 |     7 |    50 |     8 ||    72
       Sting             |       |    94 |   146 |    26 ||   266
       Mephitic Cloud    |       |       |    11 |     4 ||    15
       Repel Missiles    |       |       |     1 |       ||     1
       Fireball          |       |       |    15 |    30 ||    45
 Abil: Breathe Fire      |       |       |    16 |     4 ||    20
  Use: Scroll            |       |     5 |    10 |     7 ||    22
       Potion            |       |     1 |     1 |       ||     2
 Stab: Sleeping          |       |     1 |     1 |       ||     2
  Eat: Chunk             |     2 |     6 |    29 |    10 ||    47
       Pizza             |       |       |     1 |       ||     1
Armor: Skin              |    11 |    54 |    96 |    32 ||   193
Dodge: Dodged            |    39 |    73 |   137 |    50 ||   299
       Deflected         |       |       |     1 |       ||     1
